 Dungeon Crawl Stone Soup version 0.26-a0-612-gd4d190f45e (webtiles) character file.

Game seed: 9132356307196657378

9 DogServant the Grasshopper (level 2, 10/15 HPs)
             Began as a Spriggan Warper on Sept 10, 2020.
             Quit the game on level 1 of the Dungeon.
             The game lasted 00:02:24 (406 turns).

DogServant the Grasshopper (Spriggan Warper)         Turns: 406, Time: 00:02:25

Health: 10/15      AC:  2    Str:  7    XL:     2   Next: 6%
Magic:  6/6        EV: 19    Int: 14    God:
Gold:   11         SH:  0    Dex: 15    Spells: 6/6 levels left

rFire    . . .     SeeInvis +   a - +0 short sword
rCold    . . .     Faith    .   (shield restricted)
rNeg     . . .     Spirit   .   b - +0 robe
rPois    .         Reflect  .   (helmet restricted)
rElec    .         Harm     .   (no cloak)
rCorr    .                      (gloves unavailable)
MR       .....                  (boots unavailable)
Stlth    ++........             (no amulet)
HPRegen  0.05/turn              (no ring)
MPRegen  0.10/turn              (no ring)

@: very quick
A: very small, unfitting armour, see invisible, speed 3
a: no special abilities


You were on level 1 of the Dungeon.
You visited 1 branch of the dungeon, and saw 1 of its levels.

You collected 11 gold pieces.

Inventory:

Hand Weapons
 a - a +0 short sword (weapon)
Armour
 b - a +0 robe (worn)
Scrolls
 c - 2 scrolls of identify {unknown}
 d - a scroll of blinking
 g - a scroll of magic mapping {unknown}
 h - a scroll of amnesia {unknown}
Potions
 f - a potion of magic {unknown}


   Skills:
 + Level 1.7 Fighting
 + Level 2.3 Short Blades
 - Level 1.0 Throwing
 + Level 3.7 Dodging
 * Level 1.6 Stealth
 - Level 2.6 Spellcasting
   Level 4.4 Translocations


You had 6 spell levels left.
You didn't know any spells.
Your spell library contained the following spells:

 Spells                   Type           Power        Failure   Level
 Blink                    Tloc           N/A          5%          2
 Gell's Gravitas          Tloc           ##........   11%         3
 Lesser Beckoning         Tloc           ##........   11%         3
 Teleport Other           Tloc           ##......     11%         3
 Passage of Golubria      Tloc           N/A          36%         4


Dungeon Overview and Level Annotations

Branches:
Dungeon (1/15)

Altars:


Innate Abilities, Weirdness & Mutations

You are very small and have problems with some larger weapons.
You are too small for most types of armour.
You have supernaturally acute eyesight. (SInv)
You cover ground extremely quickly.


Message History

The ooze misses you.
You hit the ooze but do no damage.
The ooze is heavily wounded.
The ooze misses you.
You hit the ooze.
The ooze is heavily wounded.
The ooze hits you.
You see here a stone.
You see here a stone.
Found a dagger.
You don't know any spells.
Sorry, you're not good enough to have a special ability.
You don't know any spells.
Unknown command.
You don't know any spells.
Okay, then.
You're too inexperienced to learn that spell!
Okay, then.
Unknown command.
Are you sure you want to abandon this character and quit the game? (Confirm with "yes".)

#.#......... #)#
#.#........# #.#.
#.#.##...#.# #. .###
#.#.##....†. .. ##.#...#
#.#>###..... .... #...##.#
#.#.........
.#.##...##.###.#..###....
..........#.#.....# #....
#.....@.##......# ##... #
#.....)(#.#[....####.#.
#.##.....##J#####.>##...#.
###.#.......#...........####
............#)#########...#
####.........# #.#.#
##.....##.# #.#...
##...###.# #.# ## ##### #.#
#.#


You could see an ooze.

Vanquished Creatures
  3 bats (D:1)
  A giant cockroach (D:1)
  A goblin (D:1)
  A hobgoblin (D:1)
  A kobold (D:1)
  A frilled lizard (D:1)
8 creatures vanquished.

Notes
Turn   | Place    | Note
-------+----------+-------------------------------------------
     0 | D:1      | DogServant the Spriggan Warper began the quest for the Orb.
     0 | D:1      | Reached XP level 1. HP: 10/10 MP: 5/5
   191 | D:1      | Reached skill level 1 in Stealth
   378 | D:1      | Reached XP level 2. HP: 9/15 MP: 6/6
   406 | D:1      | Quit the game

Illustrated notes

Levels and vault maps discovered:
D:1:      dpeg_arrival_lava_altar, layout_loops_ring,
          kennysheep_decorative_pillar

Skill      XL: |  1 |
---------------+----+-----
Stealth        | 1 |  1.6
Fighting       | |  1.7
Short Blades   | |  2.3
Throwing       | |  1.0
Dodging        | |  3.7
Spellcasting   | |  2.6
Translocations | |  4.4

Action                   || total
-------------------------++-------
Melee: Short sword       ||    37
Throw: Boomerang         ||     5
Armor: Robe              ||     5
Dodge: Dodged            ||    41

Table legend: (Time is in decaauts)
 A = Elapsed time spent in this place.
 B = Non-inter-level travel time spent in this place.
 C = Inter-level travel time spent in this place.
 D = Time resting spent in this place.
 E = Time spent auto-exploring this place.
 F = Levels seen in this place.
 G = Mean time per level.
                   A        B        C        D        E       F      G
               +--------+--------+--------+--------+--------+-----+--------+
         Total |    344 |    344 |      0 |      0 |    243 |   1 |  344.0 |
       Dungeon |    344 |    344 |      0 |      0 |    243 |   1 |  344.0 |
               +--------+--------+--------+--------+--------+-----+--------+

Top non-repeatable levels by time:
     D:1: 344 daAuts
